 Dungeon Crawl Stone Soup version 0.29-a0-857-g9b1aa3ac5b (webtiles) character file.

Game seed: 10224616177434809353

88 quixfox the Trooper (level 4, -1/29 HPs)
             Began as a Gargoyle Fighter on July 17, 2022.
             Killed from afar by an orc wizard (6 damage)
             ... with a magic dart
             ... on level 3 of the Dungeon.
             The game lasted 00:02:16 (1768 turns).

quixfox the Trooper (Gargoyle Fighter)              Turns: 1768, Time: 00:02:18

Health: -1/29      AC: 11    Str: 22    XL:     4   Next: 54%
Magic:  4/4        EV:  9    Int:  8    God:
Gold:   74         SH:  4    Dex:  9    Spells: 3/3 levels left

rFire   . . .      SeeInvis .   a - +0 flail
rCold   . . .      Faith    .   c - +0 buckler
rNeg    + . .      Spirit   .   b - +0 scale mail
rPois   ∞          Reflect  .   (no helmet)
rElec   +          Harm     .   j - +0 cloak
rCorr   .          Rampage  .   (no gloves)
Will    .....                   (no boots)
Stlth   ..........              (no amulet)
HPRegen 0.09/turn               (no ring)
MPRegen 0.09/turn               (no ring)

@: no status effects
A: sickness immunity, AC +3, negative energy resistance 1, electricity
resistance, torment resistance 1, petrification resistance
a: no special abilities


You were on level 3 of the Dungeon.
You visited 1 branch of the dungeon, and saw 3 of its levels.

You collected 74 gold pieces.

Inventory:

Hand Weapons
 a - a +0 flail (weapon)
Missiles
 h - 2 boomerangs (quivered)
Armour
 b - a +0 scale mail (worn)
 c - a +0 buckler (worn)
 j - a +0 cloak (worn)
Scrolls
 e - a scroll of poison
 f - a scroll of noise {unknown}
 l - a scroll of blinking
 m - a scroll of teleportation {unknown}
 n - a scroll of fog {unknown}
Potions
 d - 2 potions of might
 g - a potion of invisibility {unknown}
 i - a potion of curing {unknown}
 k - a potion of resistance {unknown}
 o - a potion of brilliance {unknown}


   Skills:
 + Level 4.0 Fighting
 * Level 3.5 Maces & Flails
 + Level 4.0 Armour
 - Level 3.2 Shields


You had 3 spell levels left.
You didn't know any spells.
Your spell library was empty.

Dungeon Overview and Level Annotations

Branches:
Dungeon (3/15)

Altars:
Wu Jian


Innate Abilities, Weirdness & Mutations

You are immune to sickness and miasma.
Your stone body is resilient. (AC +3)
You are immune to poison.
You resist negative energy. (rN+)
You are resistant to electric shocks. (rElec)
You are resistant to unholy torment.
You are immune to petrification.


Message History

A magic dart appears from out of thin air!
The magic dart hits you but does no damage.
You thump the orc!
You kill the orc!
An orc wizard appears from thin air!
Reactivating autopickup.
The quokka twitches its whiskers.
The quokka bites you but does no damage.
The orc wizard casts a spell at you.
The magic dart hits you but does no damage.
You hit the orc wizard but do no damage.
The orc wizard is heavily wounded.
The quokka bites you but does no damage.
The orc wizard hits you but does no damage.
You block the quokka's attack.
You closely miss the orc wizard.
The orc wizard is heavily wounded.
The orc wizard hits you with a +0 dagger.
The quokka bites you but does no damage.
You closely miss the orc wizard.
The orc wizard is heavily wounded.
The orc wizard hits you but does no damage.
The quokka completely misses you.
The orc wizard hits you with a +0 dagger.
The quokka bites you.
* * * LOW HITPOINT WARNING * * *
You completely miss the orc wizard.
The orc wizard is heavily wounded.
The orc wizard closely misses you. You block the quokka's attack.
You barely miss the orc wizard.
The orc wizard is heavily wounded.
The quokka bites you but does no damage.
The orc wizard closely misses you.
You sock the orc wizard!
The orc wizard is almost dead.
The quokka bites you.
* * * LOW HITPOINT WARNING * * *
The orc wizard gestures at you while chanting.
The magic dart hits you.
You die...

... #.# #.# #.#
#.# #.#
########o#######.
.........@r......
######.#########
#<# #.# #.# #.#
#.> .## .


You could see an orc wizard and a quokka.

Vanquished Creatures
  An orc priest (D:3)
  An adder (D:2)
  A worm (D:2)
  3 dart slugs (D:1)
  2 orcs (D:3)
  2 ball pythons
  7 endoplasms
  3 giant cockroaches
  2 goblins
  4 hobgoblins
  5 kobolds
  A quokka (D:2)
  2 bats
  2 frilled lizards
  2 rats (D:1)
38 creatures vanquished.

Notes
Turn   | Place    | Note
-------+----------+-------------------------------------------
     0 | D:1      | quixfox the Gargoyle Fighter began the quest for the Orb.
     0 | D:1      | Reached XP level 1. HP: 14/14 MP: 1/1
   328 | D:1      | Reached XP level 2. HP: 15/19 MP: 2/2
   972 | D:1      | Reached XP level 3. HP: 23/23 MP: 3/3
  1294 | D:2      | Found a faded altar of an unknown god.
  1383 | D:2      | Found an ornate altar of the Wu Jian Council.
  1749 | D:3      | Reached XP level 4. HP: 29/29 MP: 4/4
  1768 | D:3      | Killed from afar by an orc wizard

Illustrated notes

Levels and vault maps discovered:
D:1:      evilmike_arrival_hilbert_curve, layout_basic, serial_glass,
          glass_columns_c, glass_columns_a, minmay_misc_feat_ornament
D:2:      layout_rooms, basic_altar, shapermc_ecumenical_altar_starsandcircs
D:3:      lemuel_castle_with_subvaults [lemuel_castle_interior_carwin_2],
          layout_loops_ring, nemelex_diamond_rough_becter

Skill      XL: |  1  2  3  4 |
---------------+-------------+-----
Maces & Flails | 3 |  3.5
Fighting       | 4 |  4.0
Armour         | 4 |  4.0
Shields        | |  3.2

Action                   |  1- 3 |  4- 6 || total
-------------------------+-------+-------++-------
Melee: Flail             |   115 |    19 ||   134
  Use: Scroll            |     2 |       ||     2
Armor: Scale mail        |    64 |    16 ||    80
Dodge: Dodged            |    46 |     6 ||    52
Block: Buckler           |    21 |     4 ||    25

Table legend: (Time is in decaauts)
 A = Elapsed time spent in this place.
 B = Non-inter-level travel time spent in this place.
 C = Inter-level travel time spent in this place.
 D = Time resting spent in this place.
 E = Time spent auto-exploring this place.
 F = Levels seen in this place.
 G = Mean time per level.
                   A        B        C        D        E       F      G
               +--------+--------+--------+--------+--------+-----+--------+
         Total |   1810 |   1767 |     43 |      0 |   1445 |   3 |  603.3 |
       Dungeon |   1810 |   1767 |     43 |      0 |   1445 |   3 |  603.3 |
               +--------+--------+--------+--------+--------+-----+--------+

Top non-repeatable levels by time:
     D:1: 1304 daAuts
     D:2: 473 daAuts
     D:3: 32 daAuts
